 Dungeon Crawl Stone Soup version 0.30-a0-743-gbfdf073431 (webtiles) character file.

Game seed: 17300970857769410695

146 monoptic the Chopper (level 5, -13/47 HPs)
             Began as a Hill Orc Fighter on Feb 7, 2023.
             Was an Initiate of Gozag.
             Killed by divine providence
             ... invoked by an orc priest
              (14 damage)
             ... on level 4 of the Dungeon.
             The game lasted 00:58:20 (3574 turns).

monoptic the Chopper (Hill Orc Fighter)             Turns: 3574, Time: 00:58:21

Health: -13/47     AC:  9    Str: 21    XL:     5   Next: 28%
Magic:  5/5        EV:  9    Int:  8    God:    Gozag
Gold:   173        SH:  0    Dex: 10    Spells: 4/4 levels left

rFire   . . .      SeeInvis .    u - +0 battleaxe
rCold   . . .      Faith    .    (shield currently unavailable)
rNeg    . . .      Spirit   .    b - +0 scale mail
rPois   .          Reflect  .    (no helmet)
rElec   .          Harm     .    x - +0 cloak
rCorr   .          Rampage  .    z - +0 pair of gloves
Will    .....                    (no boots) Stlth
                                 (no amulet)
HPRegen 0.27/turn                q - ring of wizardry
MPRegen 0.09/turn                (no ring)

@: no status effects
A: no striking features
a: Renounce Religion, Convert to Beogh, Potion Petition, Call Merchant, Bribe
Branch


You were on level 4 of the Dungeon.
You worshipped Gozag.
Gozag was aware of your devotion.
You visited 1 branch of the dungeon, and saw 4 of its levels.

You collected 190 gold pieces.
You paid 17 gold pieces to Gozag.

Inventory:

Hand Weapons
 a - a +0 war axe
 d - the +8 dagger of the Girdle {heavy, rC+++ Int-3 Dex+4}
   (You found it on level 3 of the Dungeon)

   Int:       It affects your intelligence (-3).
   Dex:       It affects your dexterity (+4).
   rC:        It renders you almost immune to cold.
 h - a +0 flail
 l - a +0 rapier
 n - a +0 club
 s - a +0 war axe
 u - a +0 battleaxe (weapon)
 v - a +0 mace
 D - a +0 falchion
Missiles
 f - 20 stones
 y - 9 poisoned darts (quivered)
Armour
 b - a +0 scale mail (worn)
 c - a +0 buckler
 e - a +0 leather armour
 g - a +0 ring mail
 w - a +0 robe
 x - a +0 cloak (worn)
 z - a +0 pair of gloves (worn)
 A - a +0 robe
Jewellery
 q - a ring of wizardry (left hand)
Scrolls
 i - 2 scrolls of fog
 k - a scroll of torment
 m - a scroll of magic mapping
 p - a scroll of teleportation {unknown}
 t - a scroll of vulnerability {unknown}
 C - a scroll of enchant armour
Potions
 j - 3 potions of flight {unknown}
 o - a potion of brilliance
 r - a potion of haste {unknown}
 E - 2 potions of curing {unknown}


   Skills:
 + Level 4.3 Fighting
 + Level 4.5 Axes
 + Level 0.8 Throwing
 + Level 3.9 Armour
 + Level 0.3 Dodging
 + Level 4.2 Shields


You had 4 spell levels left.
You didn't know any spells.
Your spell library contained the following spells:

 Spells                   Type           Power      Damage    Failure   Level
 Ensorcelled Hibernation  Hex/Ice        0%         N/A       52%         2
 Lesser Beckoning         Tloc           0%         N/A       52%         2
 Gell's Gravitas          Tloc           0%         N/A       77%         3
 Spider Form              Tmut/Pois      0%         N/A       77%         3
 Teleport Other           Tloc           0%         N/A       77%         3
 Anguish                  Hex/Necr       0%         N/A       98%         4
 Manifold Assault         Tloc           0%         N/A       98%         4
 Dispersal                Tloc           0%         N/A       100%        6
 Disjunction              Tloc           0%         N/A       100%        8


Dungeon Overview and Level Annotations

Branches:
Dungeon (4/15)
 Temple: D:4-7

Altars:
Gozag
Hepliaklqana
Qazlal
Ru
Xom


Message History

The orc hits you with a +2 falchion of protection.
You closely miss the orc.
The orc is heavily wounded.
The orc hits you with a +2 falchion of protection. x2
The orc attacks as you move away!
The orc hits you with a +2 falchion of protection.
Blink to where?
Press: ? - help, Dir - move target
Okay, then.
Blink to where?
Press: ? - help, Dir - move target
Okay, then.
Blink to where?
Press: ? - help, Dir - move target
Found two stone staircases leading down.
As you read the scroll of blinking, it crumbles to dust.
There is a stone staircase leading down here.
There is a stone staircase leading down here.
You start resting.
An orc is nearby!
An orc priest comes into view. It is wielding a +0 dagger.
The orc priest shouts, "Beogh is our master!
Accept the truth or die!" (press Y on the ability menu to convert to Beogh)
The orc priest shouts!
The orc priest moves out of view.
An orc comes into view. It is wielding a +0 flail.
The orc shouts!
Blink to where?
Press: ? - help, Q - select action, (/) - cycle Dir - move target
As you read the scroll of blinking, it crumbles to dust.
The orc priest calls down the wrath of Beogh upon you.
Beogh smites you!
* * * LOW HITPOINT WARNING * * *
The orc hits you with a +0 flail.
* * * LOW HITPOINT WARNING * * *
The orc attacks as you move away! The orc barely misses you.
The orc priest invokes the aid of Beogh against you.
Beogh smites you!
You die...
Your body crumbles into a pile of gold.

.o###...####.........
#o##.......'.......#.
#.###...####...#..###
#.§.....## #..#####..
#........# #...#..###
#..###...# #.......#.
#..#.^...# ##........
#..#.##..# ####.#.##
##..#@##..# #.#.#
#.........# ##.#.#
#.#..o....# ##....#
#o###..########.....##
#># #..##.............
#.# #.....#######.#.##
#.# ##o#### ###... #>#
#.# #### #.####§#


You could see an orc priest and an orc.

Vanquished Creatures
  Terence (D:3)
  5 adders (D:4)
  A worm (D:4)
  2 dart slugs (D:1)
  3 orcs
  6 endoplasms
  3 giant cockroaches
  4 hobgoblins
  6 kobolds
  2 quokkas
  9 ball pythons
  7 bats
  3 frilled lizards
  5 goblins
  12 rats
69 creatures vanquished.

Notes
Turn   | Place    | Note
-------+----------+-------------------------------------------
     0 | D:1      | monoptic the Hill Orc Fighter began the quest for the Orb.
     0 | D:1      | Reached XP level 1. HP: 19/19 MP: 1/1
   121 | D:1      | Reached XP level 2. HP: 27/27 MP: 2/2
   282 | D:1      | Found a faded altar of an unknown god.
   412 | D:1      | Prayed at the altar of an unknown god.
   412 | D:1      | Became a worshipper of Qazlal Stormbringer
   412 | D:1      | Reached * piety under Qazlal
   982 | D:1      | Reached XP level 3. HP: 33/33 MP: 3/3
  1323 | D:2      | Reached ** piety under Qazlal
  1918 | D:3      | Noticed Terence
  1919 | D:3      | Found an opulent altar of Gozag.
  1934 | D:3      | Killed Terence
  1935 | D:3      | Reached XP level 4. HP: 10/41 MP: 4/4
  2066 | D:3      | Identified the +8 dagger of the Girdle {heavy, rC+++ Int-3
                  | Dex+4}
  2070 | D:3      | Fell from the grace of Qazlal
  2070 | D:3      | Became a worshipper of Gozag Ym Sagoz the Greedy
  2307 | D:3      | Found a hazy altar of Hepliaklqana.
  2308 | D:3      | Found a shimmering altar of Xom.
  2309 | D:3      | Noticed a spectral ugly thing
  2846 | D:4      | Reached XP level 5. HP: 47/47 MP: 5/5
  3012 | D:4      | Found a sacrificial altar of Ru.
  3573 | D:4      | HP: 1/47 [orc/+0 flail (3)]
  3574 | D:4      | Killed from afar by an orc priest

Illustrated notes

Levels and vault maps discovered:
D:1:      dpeg_arrival_arbitrary_a, layout_loops_corners,
          shapermc_ecumenical_altar_venn
D:2:      layout_rooms
D:3:      layout_basic, regret_index_temple_of_mockery, lemuel_round_altar,
          uniq_terence
D:4:      layout_loops_corners, old_standard_altar, nicolae_half_adder

Skill      XL: |  1  2  3  4 |
---------------+-------------+-----
Fighting       | 4 |  4.3
Axes           | 3 4 |  4.5
Shields        | 4 |  4.2
Throwing       | |  0.8
Armour         | |  3.9
Dodging        | |  0.3

Action                     |  1- 3 |  4- 6 || total
---------------------------+-------+-------++-------
  Melee: War axe           |   124 |    49 ||   173
         Battleaxe         |       |    25 ||    25
  Throw: Dart              |     9 |       ||     9
         Stone             |     5 |       ||     5
    Use: Scroll            |     5 |     4 ||     9
         Potion            |     1 |       ||     1
 Armour: Scale mail        |    51 |    47 ||    98
  Dodge: Dodged            |    41 |    30 ||    71
  Block: Buckler           |    58 |    10 ||    68

Table legend: (Time is in decaauts)
 A = Elapsed time spent in this place.
 B = Non-inter-level travel time spent in this place.
 C = Inter-level travel time spent in this place.
 D = Time resting spent in this place.
 E = Time spent auto-exploring this place.
 F = Levels seen in this place.
 G = Mean time per level.
                   A        B        C        D        E       F      G
               +--------+--------+--------+--------+--------+-----+--------+
         Total |   3648 |   2808 |    840 |    242 |   1931 |   4 |  912.0 |
       Dungeon |   3648 |   2808 |    840 |    242 |   1931 |   4 |  912.0 |
               +--------+--------+--------+--------+--------+-----+--------+

Top non-repeatable levels by time:
     D:1: 1266 daAuts
     D:4: 995 daAuts
     D:3: 777 daAuts
     D:2: 610 daAuts
